 Dungeon Crawl Stone Soup version 0.27-a0-931-g5a74e75d8f (webtiles) character file.

Game seed: 7463199850264793640

39 jestyr24 the Conjurer (level 3, -2/21 HPs)
             Began as an Octopode Conjurer on Apr 10, 2021.
             Was a Follower of Vehumet.
             Slain by a bullfrog zombie (7 damage)
             ... on level 2 of the Dungeon.
             The game lasted 00:04:53 (2083 turns).

jestyr24 the Conjurer (Octopode Conjurer)           Turns: 2083, Time: 00:04:54

Health: -2/21      AC:  1    Str:  6    XL:     3   Next: 47%
Magic:  6/6        EV: 13    Int: 21    God:    Vehumet [*.....]
Gold:   19         SH:  0    Dex: 10    Spells: 4/6 levels left

rFire    . . .     SeeInvis .   b - +0 dagger
rCold    . . .     Faith    .   (no shield)
rNeg     . . .     Spirit   .   (helmet restricted)
rPois    .         Reflect  .   (no amulet)
rElec    .         Harm     .   (no ring)
rCorr    .         Rampage  .   (no ring)
Will     .....                  (no ring)
Stlth    ++++......             (no ring)
HPRegen  0.07/turn              (no ring)
MPRegen  0.10/turn              (no ring)
                                (no ring)
                                (no ring)

@: no status effects
A: almost no armour, amphibious, 8 rings, camouflage 1, gelatinous body 1,
nimble swimmer 1, tentacles
a: Renounce Religion


You were on level 2 of the Dungeon.
You worshipped Vehumet.
Vehumet was aware of your devotion.
You visited 1 branch of the dungeon, and saw 2 of its levels.

You collected 19 gold pieces.

Inventory:

Hand Weapons
 b - a +0 dagger (weapon)
Missiles
 g - 37 stones
Jewellery
 f - a ring of magical power
Scrolls
 a - a scroll of noise {unknown}
 e - a scroll of teleportation {unknown}
Potions
 c - a potion of invisibility {unknown}
 d - a potion of degeneration {unknown}


   Skills:
 + Level 2.4 Dodging
 + Level 2.8 Stealth
 + Level 2.4 Spellcasting
 + Level 4.6 Conjurations


You had 4 spell levels left.
You knew the following spells:

 Your Spells              Type           Power      Damage    Failure   Level
a - Magic Dart            Conj           84%        1d7       2%          1
b - Sandblast             Erth           4%         2d4       14%         1

Your spell library contained the following spells:

 Spells                   Type           Power      Damage    Failure   Level
 Searing Ray              Conj           42%        3d4       3%          2
 Dazzling Flash           Conj/Hex       24%        N/A       16%         3
 Fulminant Prism          Conj/Hex       6%         3d7       47%         4
 Iskenderun's Mystic Bla  Conj/Tloc      12%        2d5       47%         4


Dungeon Overview and Level Annotations

Branches:
Dungeon (2/15)

Altars:
Vehumet

Annotations:
D:2 Natasha


Innate Abilities, Weirdness & Mutations

You cannot wear most types of armour.
You are amphibious.
You can wear up to eight rings at the same time.
Your skin changes colour to match your surroundings (Stealth+).
Your rubbery body absorbs attacks. (AC +1, EV +1)
You are camouflaged near water. (Stealth+)
You have tentacles for arms and can constrict up to eight enemies at once.


Message History

Level annotation: Natasha
There is a stone staircase leading up here.
g - 37 stones (gained 13)
There is a stone staircase leading down here.
A bullfrog zombie is nearby!
Unknown command.
You can't see any susceptible monsters within range! (Use Z to cast anyway.)
You hit the plant.
The plant begins to die.
You grab the plant.
The plant is lightly damaged.
You constrict the plant. You hit the plant.
The plant is lightly damaged.
You constrict the plant. You hit the plant.
The plant is lightly damaged.
You constrict the plant. You hit the plant.
The plant is lightly damaged.
You constrict the plant.
A nearby plant withers and dies.
You lose your grip on the plant.
You hit the bullfrog zombie but do no damage.
Your grab misses the bullfrog zombie.
The bullfrog zombie is heavily damaged.
The bullfrog zombie hits you.
You hit the bullfrog zombie. You grab the bullfrog zombie.
The bullfrog zombie is heavily damaged.
You constrict the bullfrog zombie. The bullfrog zombie closely misses you.
The bullfrog zombie hits you.
You hit the bullfrog zombie.
The bullfrog zombie is heavily damaged.
You constrict the bullfrog zombie. The bullfrog zombie hits you.
You hit the bullfrog zombie.
The bullfrog zombie is severely damaged.
You constrict the bullfrog zombie. The bullfrog zombie barely misses you.
You barely miss the bullfrog zombie.
The bullfrog zombie is severely damaged.
You constrict the bullfrog zombie. The bullfrog zombie hits you.
* * * LOW HITPOINT WARNING * * *
The bullfrog zombie hits you!
You die...

###...#############
.. ###.......##...†.
.. #######.##..... .#
######.##..... .
#.......#..... #.
#.#####.......
#.######.# ###.....
#.P≈PP##.# ##≈.≈....
#.≈Z@≈≈#.# #P≈≈≈....
##.PP≈P..####P≈≈P.###
#..P≈PP....#≈≈♣.....
##≈P♣≈≈###.#P≈PP.###
#≈P≈≈≈P##.≈P≈≈P.#
##≈P≈≈P#PP≈≈≈PP.#
#..♣≈P..PP♣♣P..#
##PP♣PPPP≈♣≈≈P.#
#P.≈♣♣P♣≈≈≈...#


You could see a bullfrog zombie.

Vanquished Creatures
  An adder (D:2)
  A dart slug (D:2)
  3 ball pythons
  A giant cockroach (D:2)
  3 goblins
  A hobgoblin (D:1)
  8 jackals (D:1)
  3 quokkas (D:1)
  A bat (D:1)
  A frilled lizard (D:2)
  A kobold (D:1)
24 creatures vanquished.

Vanquished Creatures (others)
  A plant (D:2)
1 creature vanquished.

Grand Total: 25 creatures vanquished

Notes
Turn   | Place    | Note
-------+----------+-------------------------------------------
     0 | D:1      | jestyr24 the Octopode Conjurer began the quest for the Orb.
     0 | D:1      | Reached XP level 1. HP: 11/11 MP: 3/3
   231 | D:1      | Reached XP level 2. HP: 7/17 MP: 0/5
   871 | D:1      | Found a faded altar of an unknown god.
   879 | D:1      | Became a worshipper of Vehumet
   879 | D:1      | Reached * piety under Vehumet
   879 | D:1      | Offered knowledge of Sandblast by Vehumet.
   882 | D:1      | Learned a level 1 spell: Sandblast
  1330 | D:2      | Reached XP level 3. HP: 20/21 MP: 1/6
  1527 | D:2      | Noticed a black bear
  1529 | D:2      | Noticed Natasha
  2083 | D:2      | Slain by a bullfrog zombie

Illustrated notes

Levels and vault maps discovered:
D:1:      dpeg_arrival_renting, layout_basic, hellmonk_ecumenical_altar_zigzags
D:2:      layout_rooms, serial_bayou_lagoon_a, uniq_natasha

Action                   || total
-------------------------++-------
Melee: Unarmed           ||     8
       Constrict         ||     7
       Tentacles         ||     2
       Dagger            ||    15
 Cast: Magic Dart        ||    53
       Sandblast         ||     2
Armor: Skin              ||     2
Dodge: Dodged            ||    27

Table legend: (Time is in decaauts)
 A = Elapsed time spent in this place.
 B = Non-inter-level travel time spent in this place.
 C = Inter-level travel time spent in this place.
 D = Time resting spent in this place.
 E = Time spent auto-exploring this place.
 F = Levels seen in this place.
 G = Mean time per level.
                   A        B        C        D        E       F      G
               +--------+--------+--------+--------+--------+-----+--------+
         Total |   2085 |   1950 |    135 |    384 |   1359 |   2 | 1042.5 |
       Dungeon |   2085 |   1950 |    135 |    384 |   1359 |   2 | 1042.5 |
               +--------+--------+--------+--------+--------+-----+--------+

Top non-repeatable levels by time:
     D:1: 1694 daAuts
     D:2: 391 daAuts
